 Dungeon Crawl Stone Soup version 0.31-a0-408-gb642c7f9a3 (webtiles) character file.

Game seed: 11327137256306299900

462 Shayle the Ruffian (level 7, -1/52 HPs)
             Began as a Gnoll Shapeshifter on July 29, 2023.
             Killed from afar by an orc wizard (8 damage)
             ... with a magic dart
             ... on level 4 of the Dungeon.
             The game lasted 00:10:09 (3299 turns).

Shayle the Ruffian (Gnoll Shapeshifter)             Turns: 3299, Time: 00:10:10

Health: -1/52      AC: -1    Str: 15    XL:     7   Next: 7%
Magic:  10/10      EV: 14    Int:  7    God:
Gold:   194        SH:  0    Dex: 14    Spells: 10/10 levels left

rFire   . . .        b - +1 trident (venom)
rCold   . . .        (no shield)
rNeg    . . .        a - +0 animal skin
rPois   .            (helmet currently unavailable)
rElec   .            (cloak currently unavailable)
rCorr   .            (gloves currently unavailable)
SInv    .            (boots currently unavailable)
Will    +....        (no amulet)
Stlth   ++           (no ring)
HPRegen 0.28/turn    (no ring)
MPRegen 0.12/turn

%: no passive effects
@: beast-form, corroded, enlightened, flying
A: beast (slay +4), fangs 1, strong nose, distributed training
a: Begin Untransformation


You were on level 4 of the Dungeon.
You were a hulking beast.
You visited 1 branch of the dungeon, and saw 4 of its levels.
You also visited: Sewer.

You collected 194 gold pieces.

Inventory:

Hand Weapons
 b - a +1 trident of venom (weapon)
Missiles
 u - 3 curare-tipped darts (quivered)
Armour
 a - a +0 animal skin (worn)
 f - an orb of guile
 k - a +0 pair of boots
 r - the +2 leather armour "Ochoamimp" {rC- Int+4}
   (You found it on level 3 of the Dungeon)

   Int:       It affects your intelligence (+4).
   rC:        It makes you vulnerable to cold.
 t - a +1 pair of gloves
Jewellery
 d - a ring of see invisible
 j - a +6 ring of strength
 p - a ring of poison resistance
Talismans
 c - a beast talisman
Scrolls
 e - 2 scrolls of blinking
 g - 3 scrolls of torment {unknown}
 h - a scroll of fog {unknown}
 l - a scroll of butterflies {unknown}
 n - a scroll of immolation {unknown}
 o - 2 scrolls of identify {unknown}
 v - a scroll of acquirement {unknown}
Potions
 i - a potion of magic {unknown}
 m - a potion of curing {unknown}
 s - a potion of heal wounds {unknown}


   Skills:
 + Level 3.5 Fighting
 + Level 2.3 Short Blades
 + Level 2.3 Long Blades
 + Level 2.3 Axes
 + Level 2.3 Maces & Flails
 + Level 2.3 Polearms
 + Level 2.3 Staves
 + Level 2.3 Ranged Weapons
 + Level 2.3 Throwing
 + Level 2.3 Armour
 + Level 5.1 Dodging
 + Level 2.3 Stealth
 + Level 2.3 Shields
 + Level 7.0 Unarmed Combat
 + Level 2.3 Spellcasting
 + Level 1.8 Conjurations
 + Level 1.8 Hexes
 + Level 1.8 Summonings
 + Level 1.8 Necromancy
 + Level 1.8 Translocations
 + Level 1.8 Transmutations
 + Level 1.8 Fire Magic
 + Level 1.8 Ice Magic
 + Level 1.8 Air Magic
 + Level 1.8 Earth Magic
 + Level 1.8 Poison Magic
 + Level 2.5 Invocations
 + Level 2.3 Evocations
 + Level 6.8 Shapeshifting


You had 10 spell levels left.
You didn't know any spells.
Your spell library was empty.

Dungeon Overview and Level Annotations

Branches:
Dungeon (4/15)              Sewer (visited)
 Temple: D:4-7

Altars:

Annotations:
D:3 1 runed translucent door, osoart's ghost, amateur DrSh


Innate Abilities, Weirdness & Mutations

You are a hulking beast.
Your limbs bulge with bestial killing power. (Slay +4)
You have very sharp teeth.
Your uncanny sense of smell can sniff out nearby items.
Your experience applies equally to all skills.


Message History

The orc moves out of view.
You puncture the orc wizard!
The orc wizard is poisoned.
The orc wizard is severely wounded.
The orc wizard casts a spell at you. The magic dart hits you!
You hit the orc wizard.
The orc wizard looks as sick as possible!
The orc wizard is almost dead.
You kill the orc wizard!
You hear some strange, mumbled words.
Something tries to affect you, but you resist.
You hit the jelly.
Your hands burn!
The jelly is moderately wounded.
The jelly jiggles.
The jelly hits you.
You are splashed with acid!
Something hits you. The jelly closely misses you.
You puncture the jelly!
The jelly is poisoned.
The acid corrodes you!
Your hands burn!
You bite the jelly.
The jelly is almost dead.
You kill the jelly!
Something hits you.
Your Unarmed Combat skill increases to level 7!
You have reached level 7!
You hit the orc.
The orc is poisoned.
You bite the orc, but do no damage.
The orc is heavily wounded.
You kill the orc!
You hear some strange, mumbled words.
A puff of flame appears from out of thin air!
The puff of flame hits you!
* * * LOW HITPOINT WARNING * * *
You puncture something! Something hits you.
* * * LOW HITPOINT WARNING * * *
Unknown command.
It was a potion of enlightenment.
You feel very buoyant.
You fly up into the air.
You hear some strange, mumbled words.
A magic dart appears from out of thin air!
The magic dart hits you!
You die...

####.## #...# #.#
#...####. #.#
#...#... .
#.#####...#.##.#
##...............
##...(...........
#................
##.#######.{)#...
#..# #.h.# #.##
#...# #.# #...#
######.# #....
.......# .....#
######## #.....#
#.###.# .. ..


There were no monsters in sight!

Vanquished Creatures
  2 bullfrogs (Sewer)
  A kobold brigand (D:3)
  A jelly (D:4)
  An orc wizard (D:4)
  8 adders
  A gnoll (D:2)
  A worm (D:3)
  2 dart slugs (D:1)
  6 orcs (D:4)
  4 bats
  21 endoplasms
  16 giant cockroaches
  4 goblins
  3 hobgoblins
  3 jackals (D:2)
  5 quokkas
  14 ball pythons
  7 frilled lizards
  12 kobolds
  6 rats
118 creatures vanquished.

Notes
Turn   | Place    | Note
-------+----------+-------------------------------------------
     0 | D:1      | Shayle the Gnoll Shapeshifter began the quest for the Orb.
     0 | D:1      | Reached XP level 1. HP: 17/17 MP: 1/1
   167 | D:1      | Reached XP level 2. HP: 23/23 MP: 2/2
   482 | D:1      | Reached XP level 3. HP: 25/28 MP: 3/3
   890 | D:2      | Reached skill level 1 in Invocations
   991 | D:3      | Found a faded altar of an unknown god.
  1035 | D:3      | Reached skill level 1 in Short Blades
  1035 | D:3      | Reached skill level 1 in Long Blades
  1035 | D:3      | Reached skill level 1 in Axes
  1035 | D:3      | Reached skill level 1 in Maces & Flails
  1035 | D:3      | Reached skill level 1 in Polearms
  1035 | D:3      | Reached skill level 1 in Staves
  1035 | D:3      | Reached skill level 1 in Ranged Weapons
  1035 | D:3      | Reached skill level 1 in Throwing
  1035 | D:3      | Reached skill level 1 in Armour
  1035 | D:3      | Reached skill level 1 in Stealth
  1035 | D:3      | Reached skill level 1 in Shields
  1035 | D:3      | Reached skill level 1 in Spellcasting
  1035 | D:3      | Reached skill level 1 in Evocations
  1117 | D:3      | Noticed a kobold brigand
  1167 | D:3      | Found a glowing drain.
  1178 | D:3      | Reached XP level 4. HP: 25/34 MP: 5/5
  1191 | Sewer    | Entered a sewer
  1303 | Sewer    | Reached skill level 1 in Conjurations
  1303 | Sewer    | Reached skill level 1 in Hexes
  1303 | Sewer    | Reached skill level 1 in Summonings
  1303 | Sewer    | Reached skill level 1 in Necromancy
  1303 | Sewer    | Reached skill level 1 in Translocations
  1303 | Sewer    | Reached skill level 1 in Transmutations
  1303 | Sewer    | Reached skill level 1 in Fire Magic
  1303 | Sewer    | Reached skill level 1 in Ice Magic
  1303 | Sewer    | Reached skill level 1 in Air Magic
  1303 | Sewer    | Reached skill level 1 in Earth Magic
  1303 | Sewer    | Reached skill level 1 in Poison Magic
  1481 | Sewer    | Reached XP level 5. HP: 38/40 MP: 5/7
  1809 | Sewer    | Reached XP level 6. HP: 6/47 MP: 8/8
  1812 | Sewer    | Reached skill level 5 in Dodging
  2158 | D:3      | Found a runed translucent door.
  2158 | D:3      | Noticed osoart's ghost (amateur DrSh)
  2266 | D:3      | Identified the +2 leather armour "Ochoamimp" {rC- Int+4}
  3297 | D:4      | Reached skill level 7 in Unarmed Combat
  3297 | D:4      | Reached XP level 7. HP: 21/52 MP: 10/10
  3299 | D:4      | Killed from afar by an orc wizard

Illustrated notes

Levels and vault maps discovered:
D:1:      spicycebolla_green_bress_n_ham_2, layout_basic
D:2:      layout_loops_corners, kennysheep_generic_room_5
D:3:      cheibrodos_thug_alley, layout_loops_corners,
          hellmonk_ghost_happy_afterlife, cheibrodos_sewer_entry_sluice,
          shapermc_ecumenical_altar_pompeii, kennysheep_generic_room_15
D:4:      layout_loops_cross, gammafunk_temple_overflow_pools

Skill      XL: |  1  2  3  4  5  6 |
---------------+-------------------+-----
Invocations    | 1 2 |  2.5
Short Blades   | 1 2 |  2.3
Long Blades    | 1 2 |  2.3
Axes           | 1 2 |  2.3
Maces & Flails | 1 2 |  2.3
Polearms       | 1 2 |  2.3
Staves         | 1 2 |  2.3
Ranged Weapons | 1 2 |  2.3
Throwing       | 1 2 |  2.3
Armour         | 1 2 |  2.3
Stealth        | 1 2 |  2.3
Shields        | 1 2 |  2.3
Spellcasting   | 1 2 |  2.3
Evocations     | 1 2 |  2.3
Conjurations   | 1 |  1.8
Hexes          | 1 |  1.8
Summonings     | 1 |  1.8
Necromancy     | 1 |  1.8
Translocations | 1 |  1.8
Transmutations | 1 |  1.8
Fire Magic     | 1 |  1.8
Ice Magic      | 1 |  1.8
Air Magic      | 1 |  1.8
Earth Magic    | 1 |  1.8
Poison Magic   | 1 |  1.8
Fighting       | 3 |  3.5
Dodging        | 5 |  5.1
Unarmed Combat | 7 |  7.0
Shapeshifting  | |  6.8

Action                     |  1- 3 |  4- 6 |  7- 9 || total
---------------------------+-------+-------+-------++-------
  Melee: Unarmed           |    57 |   141 |       ||   198
         Bite              |     4 |    12 |     1 ||    17
         Punch             |       |     4 |       ||     4
         Trident           |       |    53 |     2 ||    55
  Throw: Dart              |       |     1 |       ||     1
    Use: Potion            |       |     2 |     1 ||     3
   Stab: Sleeping          |     3 |     2 |       ||     5
 Armour: Animal skin       |     5 |    21 |       ||    26
         Skin              |       |    19 |       ||    19
  Dodge: Dodged            |    36 |   121 |       ||   157

Table legend: (Time is in decaauts)
 A = Elapsed time spent in this place.
 B = Non-inter-level travel time spent in this place.
 C = Inter-level travel time spent in this place.
 D = Time resting spent in this place.
 E = Time spent auto-exploring this place.
 F = Levels seen in this place.
 G = Mean time per level.
                   A        B        C        D        E       F      G
               +--------+--------+--------+--------+--------+-----+--------+
         Total |   3416 |   3393 |     23 |    675 |   1463 |   5 |  683.2 |
       Dungeon |   2498 |   2475 |     23 |    251 |   1376 |   4 |  624.5 |
         Sewer |    917 |    917 |      0 |    424 |     87 |   1 |  917.0 |
               +--------+--------+--------+--------+--------+-----+--------+

Top non-repeatable levels by time:
     D:3: 1418 daAuts
   Sewer: 917 daAuts
     D:1: 482 daAuts
     D:2: 424 daAuts
     D:4: 173 daAuts
